 Dungeon Crawl Stone Soup version 0.28-a0-239-g68911e0c57 (webtiles) character file.

Game seed: 4628349213054759570

762 frimble the Magician (level 7, 12/56 HPs)
             Began as a Gnoll Wanderer on Aug 24, 2021.
             Quit the game on level 6 of the Dungeon.
             The game lasted 00:07:22 (4734 turns).

frimble the Magician (Gnoll Wanderer)               Turns: 4734, Time: 00:07:23

Health: 12/56      AC:  9    Str: 12    XL:     7   Next: 81%
Magic:  7/15       EV: 11    Int: 12    God:
Gold:   245        SH:  0    Dex: 18    Spells: 12/17 levels left

rFire   . . .      SeeInvis .   b - +0 scimitar
rCold   + . .      Faith    .   (no shield)
rNeg    + . .      Spirit   .   c - +1 ring mail
rPois   .          Reflect  .   (no helmet)
rElec   .          Harm     .   f - +0 cloak
rCorr   .          Rampage  .   l - +0 pair of gloves of the Three Bounties {rC+}
Will    .....                   (no boots)
Stlth   ++........              (no amulet)
HPRegen 0.18/turn               e - +6 ring of dexterity
MPRegen 0.14/turn               o - ring of positive energy

@: hasted (expiring), very quick
A: fangs 1, strong nose, distributed training
a: no special abilities


You were on level 6 of the Dungeon.
You visited 1 branch of the dungeon, and saw 6 of its levels.

You collected 245 gold pieces.

Inventory:

Hand Weapons
 a - a +0 shortbow
 b - a +0 scimitar (weapon)
Missiles
 d - 11 arrows
Armour
 c - a +1 ring mail (worn)
 f - a +0 cloak (worn)
 l - the +0 pair of gloves of the Three Bounties (worn) {rC+}
   (You found it on level 6 of the Dungeon)

   rC:        It protects you from cold.
Jewellery
 e - a +6 ring of dexterity (left hand)
 o - a ring of positive energy (right hand)
Scrolls
 g - a scroll of identify
 i - a scroll of enchant weapon
 m - a scroll of enchant armour
Potions
 h - a potion of attraction
 j - a potion of magic
 k - 2 potions of brilliance


   Skills:
 + Level 5.3 Fighting
 + Level 2.7 Short Blades
 + Level 2.7 Long Blades
 + Level 2.7 Axes
 + Level 2.7 Maces & Flails
 + Level 2.7 Polearms
 + Level 2.7 Staves
 + Level 2.7 Slings
 + Level 5.3 Bows
 + Level 2.7 Crossbows
 + Level 3.8 Throwing
 + Level 3.8 Armour
 + Level 2.7 Dodging
 + Level 3.6 Stealth
 + Level 2.7 Shields
 + Level 2.7 Unarmed Combat
 + Level 5.7 Spellcasting
 + Level 2.2 Conjurations
 + Level 2.2 Hexes
 + Level 2.2 Summonings
 + Level 2.2 Necromancy
 + Level 3.1 Translocations
 + Level 2.2 Transmutations
 + Level 2.2 Fire Magic
 + Level 2.2 Ice Magic
 + Level 2.2 Air Magic
 + Level 2.2 Earth Magic
 + Level 2.2 Poison Magic
 + Level 3.0 Invocations
 + Level 2.7 Evocations


You had 12 spell levels left.
You knew the following spells:

 Your Spells              Type           Power      Damage    Failure   Level
a - Blink                 Tloc           N/A        N/A       17%         2
b - Frozen Ramparts       Ice            16%        1d3       43%         3

Your spell library contained the following spells:

 Spells                   Type           Power      Damage    Failure   Level
 Animate Skeleton         Necr           16%        N/A       16%         1
 Freeze                   Ice            32%        1d5       16%         1
 Pain                     Necr           32%        1d5       16%         1
 Ensorcelled Hibernation  Hex/Ice        16%        N/A       24%         2
 Slow                     Hex            8%         N/A       24%         2
 Gell's Gravitas          Tloc           5%         N/A       32%         3
 Lesser Beckoning         Tloc           5%         N/A       32%         3
 Teleport Other           Tloc           10%        N/A       32%         3
 Confusing Touch          Hex            8%         N/A       43%         3
 Conjure Flame            Conj/Fire      8%         6-21      43%         3
 Ignite Poison            Fire/Tmut/Pois 8%         N/A       43%         3
 Spider Form              Tmut/Pois      4%         N/A       43%         3
 Vampiric Draining        Necr           4%         2d6       43%         3
 Hailstorm                Conj/Ice       8%         3d4       85%         4
 Sticky Flame             Conj/Fire      8%         2d3       85%         4
 Manifold Assault         Tloc           10%        N/A       97%         5
 Yara's Violent Unravell  Hex/Tmut       4%         3d4       99%         5
 Shadow Creatures         Summ           N/A        N/A       100%        6


Dungeon Overview and Level Annotations

Branches:
Dungeon (6/15)             Temple (0/1) D:4

Altars:
Nemelex Xobeh
Uskayaw

Annotations:
D:5 1 exclusion, Menkaure


Innate Abilities, Weirdness & Mutations

You have very sharp teeth.
Your uncanny sense of smell can sniff out nearby items.
Your experience applies equally to all skills.


Message History

The phantom misses you.
You riposte.
You hit the phantom.
The phantom is heavily damaged.
You closely miss the phantom.
The phantom is heavily damaged.
Your extra speed is starting to run out.
You hit the phantom.
The phantom is severely damaged.
The phantom barely misses you.
You riposte.
You hit the phantom but do no damage.
The phantom is severely damaged.
You hit the phantom.
The phantom is almost destroyed.
The phantom hits you but does no damage.
You barely miss the phantom.
The phantom is almost destroyed.
The phantom hits the plant.
The plant begins to die.
The phantom barely misses you.
You riposte.
You hit the phantom.
The phantom is almost destroyed.
You closely miss the phantom.
The phantom is almost destroyed.
The phantom hits the plant!
The gnoll closely misses you.
The phantom hits you but does no damage.
You miss the phantom. Your bite misses the phantom.
The phantom is almost destroyed.
The phantom hits the plant.
The gnoll hits you from afar with a +0 spear.
* * * LOW HITPOINT WARNING * * *
The phantom hits you but does no damage.
You hit the phantom.
You destroy the phantom!
The gnoll closely misses you.
Your Invocations skill increases to level 3!
You aren't carrying any items that you can evoke.
Okay, then.
Unknown command.
Okay, then.
Unknown command.
You aren't carrying any items that you can evoke.
Okay, then.
Are you sure you want to abandon this character and quit the game? (Confirm with "yes".)

#########
####W.g....###
#≈P@PgP.PP...####
#P≈≈♣P;PPP≈≈....##
#≈≈≈≈≈♣≈♣≈≈≈PPP..##
##PPPPP≈♣♣≈≈PPPW..#
#####≈PP≈♣≈♣≈P≈≈.#
##.PP♣≈≈≈≈P..#
#PPPP♣♣≈≈≈..#
PP♣≈≈♣≈P..#
♣≈≈≈PP.g#


You could see a phantom, an electric eel (wandering) and 2 gnolls.

Vanquished Creatures
  A black bear (D:4)
  2 phantoms
  2 scorpions
  A centaur zombie (D:5)
  3 centaur skeletons
  2 hounds (D:3)
  A jelly (D:5)
  A bullfrog skeleton (D:5)
  An iguana (D:5)
  A howler monkey zombie (D:5)
  A gnoll (D:3)
  3 adders
  An adder skeleton (D:4)
  3 worms
  2 dart slugs (D:2)
  6 orcs (D:5)
  8 ball pythons
  7 bats
  4 endoplasms
  3 giant cockroaches (D:1)
  5 goblins
  5 hobgoblins
  5 jackals
  4 quokkas
  4 frilled lizards (D:2)
  8 kobolds
  5 rats
89 creatures vanquished.

Vanquished Creatures (others)
  7 plants (D:6)
7 creatures vanquished.

Grand Total: 96 creatures vanquished

Notes
Turn   | Place    | Note
-------+----------+-------------------------------------------
     0 | D:1      | frimble the Gnoll Wanderer began the quest for the Orb.
     0 | D:1      | frimble set off with the following items: a +0 shortbow, 29
                  | arrows, a +0 ring mail; and the following spells available
                  | to memorise: Blink, Gell's Gravitas, Lesser Beckoning,
                  | Teleport Other, Manifold Assault
     0 | D:1      | Reached XP level 1. HP: 20/20 MP: 6/6
    43 | D:1      | Reached XP level 2. HP: 24/26 MP: 7/7
   289 | D:1      | Reached XP level 3. HP: 31/31 MP: 9/9
   320 | D:1      | Reached skill level 5 in Spellcasting
   719 | D:2      | Reached skill level 1 in Invocations
   809 | D:2      | Found a faded altar of an unknown god.
   980 | D:2      | Reached skill level 1 in Short Blades
   980 | D:2      | Reached skill level 1 in Long Blades
   980 | D:2      | Reached skill level 1 in Axes
   980 | D:2      | Reached skill level 1 in Maces & Flails
   980 | D:2      | Reached skill level 1 in Polearms
   980 | D:2      | Reached skill level 1 in Staves
   980 | D:2      | Reached skill level 1 in Slings
   980 | D:2      | Reached skill level 1 in Crossbows
   980 | D:2      | Reached skill level 1 in Dodging
   980 | D:2      | Reached skill level 1 in Shields
   980 | D:2      | Reached skill level 1 in Unarmed Combat
   980 | D:2      | Reached skill level 1 in Evocations
  1019 | D:2      | Reached XP level 4. HP: 38/38 MP: 11/11
  1597 | D:3      | Reached skill level 1 in Conjurations
  1597 | D:3      | Reached skill level 1 in Hexes
  1597 | D:3      | Reached skill level 1 in Summonings
  1597 | D:3      | Reached skill level 1 in Necromancy
  1597 | D:3      | Reached skill level 1 in Transmutations
  1597 | D:3      | Reached skill level 1 in Fire Magic
  1597 | D:3      | Reached skill level 1 in Ice Magic
  1597 | D:3      | Reached skill level 1 in Air Magic
  1597 | D:3      | Reached skill level 1 in Earth Magic
  1597 | D:3      | Reached skill level 1 in Poison Magic
  1722 | D:3      | Reached XP level 5. HP: 42/43 MP: 12/12
  1960 | D:3      | Learned a level 2 spell: Blink
  2796 | D:4      | Found a staircase to the Ecumenical Temple.
  2854 | D:4      | Noticed a black bear
  2863 | D:4      | Killed a black bear
  2864 | D:4      | Reached XP level 6. HP: 39/50 MP: 14/14
  3073 | D:4      | Reached skill level 5 in Fighting
  3073 | D:4      | Reached skill level 5 in Bows
  3476 | D:5      | Entered Level 5 of the Dungeon
  3651 | D:5      | Reached XP level 7. HP: 28/56 MP: 15/15
  3821 | D:5      | Learned a level 3 spell: Frozen Ramparts
  3897 | D:5      | Found a sparkling altar of Nemelex Xobeh.
  4064 | D:5      | Found a hide-covered altar of Uskayaw.
  4064 | D:5      | Noticed a +0 dagger
  4064 | D:5      | Noticed a +0 dagger
  4322 | D:5      | Noticed Menkaure
  4544 | D:6      | Identified the +0 pair of gloves of the Three Bounties
                  | {rC+}
  4734 | D:6      | Quit the game

Illustrated notes

Levels and vault maps discovered:
D:1:      roderic_crossed_star, layout_basic
D:2:      layout_loops_ring, hellmonk_ecumenical_altar_lost_god, minivault_11,
          minmay_misc_feat_nine_boxes, chequers_serial_rivers_small_a
D:3:      layout_basic, serial_rivers, chequers_serial_rivers_small_3,
          chequers_serial_rivers_micro_b, chequers_serial_rivers_micro_b,
          chequers_serial_rivers_micro_e, chequers_serial_rivers_micro_a,
          minmay_pentangle
D:4:      layout_basic, minmay_temple_entry_poolview, minivault_25
D:5:      layout_loops_cross, dancing_weapons_uskayaw,
          mainiacjoe_overflow_alcove_2, kennysheep_generic_room_14,
          uniq_menkaure
D:6:      layout_rooms, serial_bayou, serial_bayou_pond_d, serial_bayou_shore_a,
          serial_bayou_ford_a, serial_bayou_lagoon_a, serial_shops, shop_coins,
          minmay_between

Skill      XL: |  1  2  3  4  5  6  7 |
---------------+----------------------+-----
Translocations | 2 3 |  3.1
Spellcasting   | 5 |  5.7
Invocations    | 1 2 3 |  3.0
Short Blades   | 1 2 |  2.7
Long Blades    | 1 2 |  2.7
Axes           | 1 2 |  2.7
Maces & Flails | 1 2 |  2.7
Polearms       | 1 2 |  2.7
Staves         | 1 2 |  2.7
Slings         | 1 2 |  2.7
Crossbows      | 1 2 |  2.7
Dodging        | 1 2 |  2.7
Shields        | 1 2 |  2.7
Unarmed Combat | 1 2 |  2.7
Evocations     | 1 2 |  2.7
Conjurations   | 1 2 |  2.2
Hexes          | 1 2 |  2.2
Summonings     | 1 2 |  2.2
Necromancy     | 1 2 |  2.2
Transmutations | 1 2 |  2.2
Fire Magic     | 1 2 |  2.2
Ice Magic      | 1 2 |  2.2
Air Magic      | 1 2 |  2.2
Earth Magic    | 1 2 |  2.2
Poison Magic   | 1 2 |  2.2
Throwing       | 3 |  3.8
Armour         | 3 |  3.8
Stealth        | 3 |  3.6
Fighting       | 5 |  5.3
Bows           | 5 |  5.3

Action                   |  1- 3 |  4- 6 |  7- 9 || total
-------------------------+-------+-------+-------++-------
Melee: Spear             |       |    99 |       ||    99
       Bite              |       |     7 |    12 ||    19
       Scimitar          |       |    10 |    65 ||    75
 Fire: Shortbow          |    92 |    50 |     4 ||   146
 Cast: Blink             |       |       |     5 ||     5
  Use: Scroll            |     2 |     7 |     3 ||    12
       Potion            |       |     2 |     2 ||     4
 Stab: Sleeping          |       |     5 |       ||     5
       Distracted        |       |     1 |       ||     1
Armor: Ring mail         |    15 |    43 |    54 ||   112
Dodge: Dodged            |    20 |    56 |    68 ||   144
       Rpst.: Scimitar   |       |       |    19 ||    19

Table legend: (Time is in decaauts)
 A = Elapsed time spent in this place.
 B = Non-inter-level travel time spent in this place.
 C = Inter-level travel time spent in this place.
 D = Time resting spent in this place.
 E = Time spent auto-exploring this place.
 F = Levels seen in this place.
 G = Mean time per level.
                   A        B        C        D        E       F      G
               +--------+--------+--------+--------+--------+-----+--------+
         Total |   4749 |   4489 |    260 |      0 |   3683 |   6 |  791.5 |
       Dungeon |   4749 |   4489 |    260 |      0 |   3683 |   6 |  791.5 |
               +--------+--------+--------+--------+--------+-----+--------+

Top non-repeatable levels by time:
     D:3: 1074 daAuts
     D:5: 1054 daAuts
     D:4: 1011 daAuts
     D:1: 711 daAuts
     D:2: 693 daAuts
     D:6: 204 daAuts
